 Dungeon Crawl Stone Soup version 0.12.3 (webtiles) character file.

322 andreus the Grave Robber (level 5, -3/30 (31) HPs)
             Began as a Sludge Elf Necromancer on Oct 1, 2013.
             Slain by an ogre
             ... wielding a +0,+0 giant club
              (24 damage)
             ... on Level 4 of the Dungeon.
             The game lasted 01:26:34 (5968 turns).

andreus the Grave Robber (Sludge Elf Necromancer)   Turns: 5968, Time: 01:26:35

HP  -3/30 (31)   AC  9     Str  8      XL: 5   Next: 77%
MP   7/13        EV  9     Int 17      God:
Gold 123         SH  0     Dex 17      Spells:  4 memorised,  2 levels left

Res.Fire  : . . .   See Invis. : .   E - -3,-2 orc spear (curse)
Res.Cold  : . . .   Warding    : .   L - +2 orc ring mail
Life Prot.: . . .   Conserve   : .   (no shield)
Res.Poison: .       Res.Corr.  : .   O - +0 helmet
Res.Elec. : .       Clarity    : .   (no cloak)
Sust.Abil.: . .     Spirit.Shd : .   (no gloves)
Res.Mut.  : .       Stasis     : .   C - +0 pair of boots
Res.Rott. : .       Ctrl.Telep.: +   (no amulet)
Saprovore : . . .   Flight     : .   (no ring)
                                     f - ring of teleport control

@: burdened, slow, slightly resistant to hostile enchantments, unstealthy
A: slow metabolism 1, spit poison 1, Dex +2
a: Spit Poison


You were on level 4 of the Dungeon.
You were encumbered.
You were not hungry.

You visited 1 branch of the dungeon, and saw 4 of its levels.

You collected 103 gold pieces.

Inventory:

Hand weapons
 d - a +0,+0 club
 e - a cursed -3,-1 orcish club
 g - a +0,+0 club
 h - a +1,+1 short sword of protection
 i - a +0,+0 club
 j - a +0,+0 whip
 m - a -3,-2 orcish spear
 n - a +0,+0 dagger
 q - a +0,+0 whip
 v - a +0,+0 whip
 w - a -1,+0 orcish mace
 x - a +2,+0 short sword of freezing
 y - a +1,+0 dagger of venom
 A - a +1,+0 elven short sword
 D - a +2,+1 dwarven dagger of returning (quivered)
 E - a cursed -3,-2 orcish spear (weapon)
 F - a cursed -3,-2 orcish spear
 G - a -1,+3 orcish whip
 H - a +0,+1 orcish dagger
 I - a +0,+0 orcish short sword
 J - a +0,+0 club
 M - a cursed -3,-2 orcish spear
 T - a +2,+2 orcish flail
Missiles
 k - 3 darts of flame
 l - 35 poisoned needles
 r - 45 darts
 u - 13 stones
 z - 3 darts of frost
 R - 45 arrows
Armour
 a - a +0 elven robe
 t - a +0 orcish leather armour
 C - a +0 pair of boots (worn)
 K - a +0 orcish ring mail
 L - a +2 orcish ring mail (worn)
 N - a cursed +0 orcish scale mail
 O - a +0 helmet (worn)
Magical devices
 S - a wand of invisibility (4)
Comestibles
 p - 2 meat rations
Scrolls
 o - a scroll of remove curse
 s - 2 scrolls of identify
Jewellery
 f - a ring of teleport control (left hand)
Potions
 B - a potion of restore abilities
 P - a potion of heal wounds
Books
 b - a book of Necromancy

   Spells                             Type                      Level
   *Pain                              Necromancy                   1
   *Animate Skeleton                  Necromancy                   1
   Lethal Infusion                    Charms/Necromancy            2
   *Vampiric Draining                 Necromancy                   3
   Regeneration                       Charms/Necromancy            3
   *Animate Dead                      Necromancy                   4
   Control Undead                     Necromancy                   4
 c - a book of Power

   Spells                             Type                      Level
   Iskenderun's Mystic Blast          Conjuration                  4
   Venom Bolt                         Conjuration/Poison           5
   Bolt of Magma                      Conjuration/Fire/Earth       5
   Poisonous Cloud                    Conjuration/Poison/Air       6
   Iron Shot                          Conjuration/Earth            6
   Orb of Destruction                 Conjuration                  7


   Skills:
 + Level 0.3 Short Blades
 + Level 0.1 Armour
 + Level 3.1 Dodging
 + Level 2.8 Stealth
 + Level 0.2 Traps
 + Level 3.5 Spellcasting
 + Level 5.9 Necromancy


You had 2 spell levels left.
You knew the following spells:

 Your Spells              Type           Power        Failure   Level  Hunger
a - Pain                  Necr           ####.        4%          1    None
b - Animate Skeleton      Necr           N/A          4%          1    None
c - Vampiric Draining     Necr           ####......   14%         3    ###....
d - Animate Dead          Necr           N/A          43%         4    ####...


Dungeon Overview and Level Annotations

Branches:
Dungeon (4/27)
 Temple: D:4-7

Altars:
Sif Muna
the Shining One


Innate Abilities, Weirdness & Mutations

You have a somewhat thin skeletal structure (Dex +2, Stlth).
You have a slow metabolism.
You can spit poison.


Message History

Aim: an ogre, wielding a giant club (almost dead)
The ogre resists.
You swap places.
Your goblin zombie hits the ogre but does no damage.
The ogre barely misses your goblin zombie.
The ogre closely misses your goblin zombie.
Your goblin zombie closely misses the ogre.
The ogre barely misses your goblin zombie.
You swap places.
You hit the ogre but do no damage.
The ogre is almost dead.
The ogre closely misses you.
You hit the ogre.
The ogre is almost dead.
The ogre barely misses you.
You hit the ogre but do no damage.
The ogre is almost dead.
The ogre hits you with a giant club!
Ouch! That really hurt!
You die...

##########
#.......<#
#z######.#
#@# #.# #O#
#z# #.# #z#
#.#
#z#########
#)#
#...zzz.z..
#.#
###########
#.# #.# #.#


You could see an ogre and a friendly goblin zombie.

Vanquished Creatures
  A crimson imp (D:4)
  2 adders (D:3)
  4 gnolls (D:3)
  2 giant mites
  A giant eyeball (D:3)
  6 giant geckos
  An ooze (D:2)
  7 orcs
  A ball python (D:2)
  8 bats
  2 giant cockroaches
  9 goblins
  8 hobgoblins
  9 kobolds
  2 quokkas (D:2)
  5 giant newts
  6 rats
74 creatures vanquished.

Vanquished Creatures (collateral kills)
  A ball python (D:1)
  A bat (D:2)
  A giant cockroach (D:3)
  A giant newt (D:1)
  A goblin (D:4)
  A rat (D:4)
6 creatures vanquished.

Vanquished Creatures (others)
  2 bat skeletons (D:3)
  A bat zombie (D:4)
  4 giant gecko skeletons
  A giant newt (D:1)
  A giant newt skeleton (D:2)
  A hobgoblin zombie (D:4)
  A kobold (D:2)
  3 kobold skeletons
  2 orc zombies
  A rat skeleton (D:3)
17 creatures vanquished.

Grand Total: 97 creatures vanquished

Notes
Turn   | Place    | Note
--------------------------------------------------------------
     0 | D:1      | andreus, the Sludge Elf Necromancer, began the quest for the Orb.
     0 | D:1      | Reached XP level 1. HP: 11/11 MP: 3/3
    74 | D:1      | Learned a level 1 spell: Animate Skeleton
   454 | D:1      | Reached XP level 2. HP: 10/17 MP: 3/5
   935 | D:2      | Reached skill level 5 in Necromancy
  1441 | D:2      | Reached XP level 3. HP: 21/21 MP: 7/7
  1447 | D:2      | Learned a level 3 spell: Vampiric Draining
  3485 | D:3      | Reached XP level 4. HP: 25/27 MP: 7/9
  3810 | D:3      | Gained mutation: You have a slow metabolism. [potion of mutation]
  3810 | D:3      | Gained mutation: You can spit poison. [potion of mutation]
  3810 | D:3      | Gained mutation: You have a somewhat thin skeletal structure (Dex +2, Stlth). [potion of mutation]
  3887 | D:3      | Paralysed by a giant eyeball for 2 turns
  3890 | D:3      | Paralysed by a giant eyeball for 3 turns
  3957 | D:3      | Reached XP level 5. HP: 27/31 MP: 8/12
  3998 | D:3      | Learned a level 4 spell: Animate Dead
  5268 | D:4      | Noticed an ogre
  5491 | D:4      | Found a glowing golden altar of the Shining One.
  5506 | D:4      | Found a deep blue altar of Sif Muna.
  5968 | D:4      | Slain by an ogre

Action                   |  1- 3 |  4- 6 || total
-------------------------+-------+-------++-------
Melee: Short sword       |     6 |    47 ||    53
       Dagger            |     4 |       ||     4
       Mace              |       |     6 ||     6
       Spear             |       |     5 ||     5
 Cast: Pain              |    63 |    69 ||   132
       Animate Skeleton  |    16 |     7 ||    23
       Animate Dead      |       |    12 ||    12
  Use: Scroll            |     5 |     7 ||    12
       Potion            |     2 |     5 ||     7
 Stab: Distracted        |       |     2 ||     2
